 Seeded DCSS version 0.30.1-4-g462c640d31 (webtiles) character file.

Game seed: 6351066067085065685 (custom seed)

108770 Esekla the Eclecticist (level 16, 0/95 HPs)
             Began as a Deep Elf Wanderer on Sept 15, 2023.
             Was the Champion of Vehumet.
             Killed by an exploding ball lightning (5 damage)
             ... on level 4 of the Spider Nest on Sept 16, 2023.
             The game lasted 03:55:01 (24890 turns).

Esekla the Eclecticist (Deep Elf Wanderer)         Turns: 24890, Time: 03:55:01

Health: 0/95       AC: 18    Str:  7 (9)  XL:     16   Next: 3%
Magic:  6/42       EV: 15    Int: 28 (30) God:    Vehumet [******]
Gold:   2844       SH:  4    Dex: 11      Spells: 9/56 levels left

rFire   . . .        f - +9 scimitar (flame)
rCold   . . .        d - +0 buckler
rNeg    + . .        G - +0 troll leather armour
rPois   +            Y - +2 helmet {Int+3}
rElec   +            V - +1 cloak
rCorr   .            l - +0 pair of gloves
SInv    .            U - +2 pair of boots {rampage}
Will    +....        z - amulet of magic regeneration
Stlth   ++           x - ring of Greed {rElec rPois rN+ AC+4 Str-2}
HPRegen 1.15/turn    m - ring of the Mage {Wiz Archmagi}
MPRegen 0.68/turn

%: rampage, wizardry (x1), archmagi
@: very slightly contaminated, studying Fighting
A: no striking features
a: Renounce Religion


You were on level 4 of the Spider Nest.
You worshipped Vehumet.
Vehumet was exalted by your worship.
You visited 4 branches of the dungeon, and saw 23 of its levels.
You also visited: Trove and Bailey.

You collected 5130 gold pieces.
You spent 2286 gold pieces at shops.

Inventory:

Hand Weapons
 c - the +6 Majin-Bo {spellvamp, MP+6 Int+6}
   (You acquired it on level 1 of the Spider Nest)

   Int:       It affects your intelligence (+6).
   MP:        It affects your magic capacity (+6).
 e - a +2 demon blade of electrocution
 f - a +9 scimitar of flaming (weapon)
 r - a +4 trident of venom
 s - the +5 rapier of the Hero {heavy, rN+ Dex+3}
   (You found it on level 3 of the Dungeon)

   Dex:       It affects your dexterity (+3).
   rN:        It protects you from negative energy.
Missiles
 v - 62 poisoned darts
 F - 11 boomerangs (quivered)
 H - 6 curare-tipped darts
Armour
 d - a +0 buckler (worn)
 l - a +0 pair of gloves (worn)
 G - a +0 troll leather armour (worn)
 U - a +2 pair of boots of rampaging (worn)
 V - a +1 cloak (worn)
 X - a +2 robe of cold resistance
 Y - a +2 helmet of intelligence (worn)
Jewellery
 a - a ring of see invisible
 m - the ring of the Mage (right hand) {Wiz Archmagi}
   (You bought it in a shop on level 2 of the Dungeon)

   [ring of wizardry]

   It improves your spell success rate.
   Archmagi:  It increases the power of your magical spells.
 x - the ring of Greed (left hand) {rElec rPois rN+ AC+4 Str-2}
   (You bought it in a shop on level 2 of the Dungeon)

   [ring of protection]

   AC:        It affects your AC (+4).
   Str:       It affects your strength (-2).
   rElec:     It insulates you from electricity.
   rPois:     It protects you from poison.
   rN:        It protects you from negative energy.
 z - an amulet of magic regeneration (around neck)
 I - the ring of Akemeir {Fire Str+4}
   (You found it in a treasure trove)

   [ring of fire]

   It enhances your fire magic.
   Str:       It affects your strength (+4).
   rF:        It protects you from fire.
   rC:        It makes you vulnerable to cold.
 K - the ring of Descent {rPois rC+ Int+5 Stlth-}
   (You found it in a treasure trove)

   [ring of protection from cold]

   Int:       It affects your intelligence (+5).
   rC:        It protects you from cold.
   rPois:     It protects you from poison.
   Stlth:     It makes you less stealthy.
 M - a ring of ice
 T - an amulet of reflection
Wands
 g - a wand of quicksilver (3)
 j - a wand of roots (29)
 B - a wand of flame (32)
 C - a wand of digging (16)
 D - a wand of mindburst (8)
Scrolls
 o - 4 scrolls of fear
 p - 2 scrolls of poison
 q - 5 scrolls of blinking
 t - 4 scrolls of fog
 y - 2 scrolls of magic mapping
 E - 8 scrolls of teleportation
 L - 2 scrolls of enchant armour
 Q - a scroll of silence
Potions
 b - 4 potions of lignification
 h - 6 potions of heal wounds
 i - 8 potions of attraction
 k - 6 potions of curing
 n - 2 potions of flight
 u - 5 potions of brilliance
 w - 10 potions of haste
 A - 2 potions of ambrosia
 J - 2 potions of might
 N - 3 potions of magic
 O - a potion of cancellation {unknown}
 S - 2 potions of resistance


   Skills:
 * Level 8.9 Fighting
 + Level 3.7(4.2) Short Blades
 + Level 2.4(3.3) Long Blades
 + Level 1.7 Throwing
 + Level 4.1 Armour
 * Level 12.3 Dodging
 + Level 3.9 Stealth
 - Level 3.2 Shields
 * Level 20.8 Spellcasting
 + Level 7.3 Conjurations
 + Level 9.3 Necromancy
 + Level 5.4 Translocations
 + Level 5.5 Transmutations
 + Level 6.4 Fire Magic
 * Level 7.1 Ice Magic
 * Level 8.2 Air Magic
 * Level 6.7 Earth Magic
 + Level 7.1 Poison Magic
 + Level 1.0 Invocations
 + Level 0.2 Evocations


You had 9 spell levels left.
You knew the following spells:

 Your Spells              Type           Power      Damage    Failure   Level
a - Magic Dart            Conj           100%       1d8       1%          1
b - Blink                 Tloc           100%       N/A       1%          2
c - Mephitic Cloud        Conj/Pois/Air  82%        N/A       1%          3
d - Vampiric Draining     Necr           89%        2d12      1%          3
e - Conjure Ball Lightni  Conj/Air       41%        3x3d13    2%          6
f - Fireball              Conj/Fire      40%        3d16      1%          5
n - Ignite Poison         Fire/Tmut/Pois 78%        N/A       1%          3
p - Apportation           Tloc           100%       N/A       1%          1
r - Frozen Ramparts       Ice            100%       1d16      1%          3
t - Teleport Other        Tloc           74%        N/A       1%          3
v - Poisonous Vapours     Pois/Air       100%       N/A       1%          2
w - Wereblood             Tmut           74%        N/A       1%          2
x - Olgreb's Toxic Radia  Pois           81%        N/A       1%          4
y - Sticky Flame          Conj/Fire      80%        2d9       1%          4
z - Freezing Cloud        Conj/Ice/Air   41%        6-21      1%          5

Your spell library contained the following spells:

 Spells                   Type           Power      Damage    Failure   Level
 Iron Shot                Conj/Erth      40%        9d8       3%          6
 Foxfire                  Conj/Fire      100%       2x1d9     1%          1
 Freeze                   Ice            100%       1d10      1%          1
 Sting                    Tmut/Pois      100%       1d8       1%          1
 Lesser Beckoning         Tloc           100%       N/A       1%          2
 Sublimation of Blood     Necr           89%        N/A       1%          2
 Gell's Gravitas          Tloc           74%        N/A       1%          3
 Hailstorm                Conj/Ice       81%        3d16      1%          3
 Portal Projectile        Hex/Tloc       100%       N/A       1%          3
 Spider Form              Tmut/Pois      77%        N/A       1%          3
 Vhi's Electric Charge    Tloc/Air       100%       N/A       1%          3
 Manifold Assault         Tloc           74%        N/A       1%          4
 Passage of Golubria      Tloc           74%        N/A       1%          4
 Arcjolt                  Conj/Air       41%        1d51      1%          5
 Summon Ice Beast         Ice/Summ       65%        N/A       2%          4
 Plasma Beam              Fire/Air       40%        2x1d59    2%          6
 Starburst                Conj/Fire      40%        6d11      3%          6
 Silence                  Hex/Air        34%        N/A       6%          5
 Cause Fear               Hex            21%        N/A       12%         4
 Ozocubu's Refrigeration  Ice            40%        4d16      14%         7
 Dispersal                Tloc           37%        N/A       19%         6
 Summon Mana Viper        Hex/Summ       43%        N/A       32%         5
 Maxwell's Capacitive Co  Air            42%        ∞         50%         8
 Lehudib's Crystal Spear  Conj/Erth      40%        10d10     67%         8
 Ignition                 Fire           39%        3d12      73%         8
 Summon Hydra             Summ           21%        N/A       100%        7
 Disjunction              Tloc           37%        N/A       100%        8


Dungeon Overview and Level Annotations

Branches:
Dungeon (12/15)            Temple (0/1) D:6            Lair (5/5) D:11
 Shoals (0/4) Lair:2       Spider (4/4) Lair:3        Slime (0/5) Lair:5
    Orc (2/2) D:10            Elf (0/3) Orc:2        Bailey (visited)

Altars:
Dithmenos
Fedhas
Hepliaklqana
Nemelex Xobeh
Okawaru
Qazlal
Ru
Trog
Uskayaw
Vehumet
Zin
The Shining One
Jiyva

Shops:
D:2 =   D:4 (   D:11 *   Orc:2 **[:

Portals:
Pandemonium: Orc:2

Annotations:
D:6 Pikel
Spider:3 ghost moth


Message History

The ghost moth hits you. x2; The ghost moth barely misses you.
Casting: Conjure Ball Lightning (dangerous; 2% risk of failure)
Confirm with . or Enter, or press ? or * to list all spells.
You feel a surge of power!
You create some ball lightning! 3 ball lightnings come into view.
The ghost moth burns!
The emperor scorpion is engulfed in blazing flames.
The emperor scorpion stings you!
The emperor scorpion claws you but does no damage.
The emperor scorpion completely misses you.
The ghost moth is engulfed in blazing flames.
The ghost moth misses you. The ghost moth barely misses you.
The ghost moth stings you.
You feel weakened.
The ghost moth burns!
Your ball lightning explodes!
The blast of lightning engulfs the ghost moth!!
You kill the ghost moth!
Vehumet accepts your kill.
You feel your power returning.
The blast of lightning engulfs the emperor scorpion!!
The emperor scorpion is moderately wounded.
The emperor scorpion is engulfed in blazing flames.
Your ball lightning explodes!
The blast of lightning engulfs your ball lightning.
Your ball lightning completely resists.
The blast of lightning engulfs you. You resist.
* * * LOW HITPOINT WARNING * * *
The blast of lightning engulfs the emperor scorpion!!
The emperor scorpion is heavily wounded.
The emperor scorpion stings you!
* * * LOW HITPOINT WARNING * * *
The emperor scorpion claws you but does no damage.
The emperor scorpion claws you.
* * * LOW HITPOINT WARNING * * *
Your ball lightning explodes!
The blast of lightning engulfs the emperor scorpion!!
The emperor scorpion is severely wounded.
The blast of lightning engulfs you. You resist.
You die...

####### ##.~^~~###
......^.~###
..####.....~# ###
#~....^####
..y~.†☼.°###
.[.###○○.~#
....s#..s.#
^~###.~@.# #
#####.§~§..#
########.........##
.~..~.....~.~...##
...†.†..^......##
~####.^######### ##
#### ##########
#..##..#.##


You could see an emperor scorpion.

Vanquished Creatures
  Mara (Spider:4)
  Rupert (Lair:4)
  6 emperor scorpions
  A ghost moth (Spider:4)
  2 orc warlords (Orc:2)
  A broodmother (Spider:3)
  Azrael (Orc:2)
  2 spark wasps
  5 entropy weavers
  2 fire dragons (Lair:5)
  Harold (D:9)
  A demonspawn (Orc:2)
  3 hydras
  3 radroaches
  A catoblepas (Lair:5)
  3 jorogumos
  3 two-headed ogres
  3 boulder beetles
  2 orc high priests (Orc:2)
  2 pharaoh ants
  A sun moth (Spider:1)
  Lodul (D:11)
  A skyshark (Lair:4)
  8 orb spiders
  A swamp dragon (Lair:5)
  3 steelbarb worms
  2 lindwurms (Lair:5)
  An oklob plant (Lair:5)
  8 wolf spiders
  8 orc knights
  6 cyclopes
  9 orc sorcerers (Orc:2)
  2 moths of wrath (Spider:1)
  Joseph (D:7)
  A merfolk siren (Lair:2)
  2 black mambas
  9 elephants (Lair:5)
  7 torpor snails
  2 gargoyles
  A smoke demon (Orc:2)
  3 demonic crawlers
  11 cane toads
  Psyche (D:11)
  3 rime drakes
  14 komodo dragons
  A kobold demonologist (D:9)
  2 merfolk (Lair:2)
  A red devil (Orc:2)
  A polar bear (D:11)
  12 hornets
  8 tarantellas
  6 trolls
  3 tyrant leeches (Lair:5)
  5 blink frogs (Lair:1)
  3 centaur simulacra (D:11)
  11 jumping spiders
  7 culicivoras
  33 yaks
  12 spriggans (Lair:3)
  5 basilisks
  A chaos spawn (Orc:2)
  3 steam dragons
  5 wyverns
  3 fire elementals (Orc:2)
  27 redbacks
  Menkaure (D:7)
  3 wargs
  2 acid dragons (Lair:5)
  6 ice beasts
  4 hell hounds (Orc:2)
  14 water moccasins
  2 swamp drakes (Lair:5)
  A sky beast (D:6)
  43 orc warriors
  2 black bears
  18 ogres
  2 centaurs
  3 boggarts (Lair:3)
  12 wolves
  A phantom (D:7)
  Blork the orc (D:6)
  4 kobold brigands
  4 gnoll sergeants
  10 bullfrogs
  3 scorpions
  10 wights
  21 killer bees
  2 howler monkeys (D:10)
  An electric eel (D:11)
  2 quasits (D:8)
  3 gnoll boudas
  6 hounds
  A jelly (D:6)
  Crazy Yiuf (D:7)
  32 orc priests
  A sleepcap (D:5)
  7 iguanas
  12 hell rats
  14 orc wizards
  34 gnolls
  9 adders
  3 shadow imps (D:8)
  9 white imps
  4 ufetubi
  A worm (D:4)
  3 dart slugs
  95 orcs
  6 ball pythons
  4 endoplasms
  9 goblins
  7 hobgoblins
  A quokka (D:1)
  4 bats
  4 frilled lizards
  21 kobolds
  A rat (D:2)
763 creatures vanquished.

Vanquished Creatures (others)
  An orc high priest (Orc:2)
  26 ball lightnings
27 creatures vanquished.

Grand Total: 790 creatures vanquished

Notes
Turn   | Place    | Note
-------+----------+-------------------------------------------
     0 | D:1      | Esekla the Deep Elf Wanderer began the quest for the Orb.
     0 | D:1      | Esekla set off with the following items: a +0 club, a
                  | potion of lignification, a +0 robe, a +0 buckler; and the
                  | following spells available to memorise: Apportation, Blink,
                  | Lesser Beckoning, Magic Dart, Ignite Poison, Vampiric
                  | Draining.
     0 | D:1      | Reached XP level 1. HP: 10/10 MP: 7/7
     2 | D:1      | Learned a level 1 spell: Magic Dart
     4 | D:1      | Learned a level 1 spell: Apportation
   383 | D:2      | Found Renulab's Jewellery Shop.
   568 | D:4      | Found a radiant altar of Vehumet.
   579 | D:4      | Found an iron altar of Okawaru.
   589 | D:4      | Found a glowing silver altar of Zin.
   674 | D:4      | Became a worshipper of Vehumet
   802 | D:3      | Reached XP level 2. HP: 15/15 MP: 9/9
   824 | D:3      | Reached skill level 5 in Spellcasting
  1024 | D:3      | Identified the +5 rapier of the Hero {heavy, rN+ Dex+3}
  1085 | D:2      | Learned a level 2 spell: Blink
  1139 | D:2      | Reached skill level 1 in Dodging
  1309 | D:1      | Reached XP level 3. HP: 19/19 MP: 9/11
  1313 | D:1      | Learned a level 3 spell: Vampiric Draining
  1523 | D:1      | Reached * piety under Vehumet
  1523 | D:1      | Offered knowledge of Kiss of Death by Vehumet.
  1796 | D:1      | Learned a level 3 spell: Teleport Other
  1834 | D:2      | Reached XP level 4. HP: 20/24 MP: 6/13
  1895 | D:2      | Reached skill level 6 in Spellcasting
  1965 | D:2      | Found a faded altar of an unknown god.
  2067 | D:2      | Noticed a black bear
  2518 | D:3      | Found a stormy altar of Qazlal.
  2587 | D:3      | Found a hazy altar of Hepliaklqana.
  2587 | D:3      | Found a bloodstained altar of Trog.
  2596 | D:3      | Reached XP level 5. HP: 24/28 MP: 15/15
  2910 | D:3      | Reached skill level 1 in Conjurations
  2959 | D:3      | HP: 1/28 [gnoll bouda/+0 club (11)]
  3121 | D:4      | Found a glowing golden altar of the Shining One.
  3204 | D:5      | Entered Level 5 of the Dungeon
  3207 | D:5      | Got the Parchment of the Lumpy Olives
  3221 | D:5      | Found a shadowy altar of Dithmenos.
  3281 | D:5      | Reached skill level 1 in Short Blades
  3281 | D:5      | Reached XP level 6. HP: 27/32 MP: 13/17
  3365 | D:5      | Offered knowledge of Freeze by Vehumet.
  3368 | D:5      | Learned a level 1 spell: Freeze
  3406 | D:6      | Reached skill level 7 in Spellcasting
  3472 | D:6      | Found a staircase to the Ecumenical Temple.
  3602 | D:5      | Reached ** piety under Vehumet
  3643 | D:5      | Reached XP level 7. HP: 10/36 MP: 12/20
  4117 | D:4      | Found Ponaysk's Antique Weapon Boutique.
  4292 | D:5      | Reached skill level 8 in Spellcasting
  4867 | D:6      | HP: 1/36 [white imp/puff of frost (9)]
  5027 | D:6      | Reached skill level 1 in Throwing
  5102 | D:6      | Noticed Pikel
  5155 | D:6      | Reached skill level 5 in Necromancy
  5155 | D:6      | Reached XP level 8. HP: 31/41 MP: 11/22
  5313 | D:7      | Found a runed translucent door.
  5314 | D:7      | Noticed Crazy Yiuf
  5320 | D:7      | Killed Crazy Yiuf
  5433 | D:7      | Reached skill level 9 in Spellcasting
  5472 | D:7      | Noticed Menkaure
  5476 | D:7      | Killed Menkaure
  5867 | D:6      | Noticed Blork the orc
  5882 | D:6      | Offered knowledge of Volatile Blastmotes by Vehumet.
  5909 | D:6      | Killed Blork the orc
  6175 | D:6      | Found a blossoming altar of Fedhas.
  6185 | D:6      | Reached skill level 10 in Spellcasting
  6292 | D:7      | Reached skill level 5 in Dodging
  6340 | D:8      | Reached XP level 9. HP: 38/45 MP: 20/25
  6635 | D:8      | Reached *** piety under Vehumet
  6739 | D:8      | You fall into a shaft and drop 3 floors!
  6807 | D:12     | Learned a level 2 spell: Wereblood
  6867 | D:12     | Noticed a troll
  6936 | D:12     | Noticed a red ugly thing
  7103 | D:11     | Noticed Lodul
  7116 | D:11     | Noticed a rime drake
  7139 | D:12     | Reached skill level 11 in Spellcasting
  7317 | D:12     | Noticed a cyclops
  7487 | D:12     | Found a portal to a secret trove of treasure.
  7493 | D:12     | Noticed a troll
  7507 | D:12     | Killed a troll
  7508 | D:12     | Reached skill level 1 in Transmutations
  7601 | D:12     | Learned a level 3 spell: Mephitic Cloud
  7604 | D:12     | Learned a level 2 spell: Poisonous Vapours
  7610 | D:12     | Learned a level 5 spell: Freezing Cloud
  7614 | D:12     | Learned a level 3 spell: Ignite Poison
  7780 | D:12     | Learned a level 5 spell: Fireball
  7813 | Trove    | Entered a treasure trove
  7822 | Trove    | Identified the ring of Akemeir {Fire Str+4}
  7839 | Trove    | Identified the ring of Descent {rPois rC+ Int+5 Stlth-}
  7847 | Trove    | Identified the +3 ring mail "Poady" {+Inv rF+ Dex+2 Slay-4}
  8020 | D:11     | Reached skill level 1 in Air Magic
  8109 | D:11     | Reached skill level 1 in Ice Magic
  8194 | D:11     | Killed a rime drake
  8198 | D:11     | Reached skill level 1 in Poison Magic
  8198 | D:11     | Reached XP level 10. HP: 38/50 MP: 9/27
  8246 | D:11     | Got Simple Magic
  8318 | D:11     | Reached skill level 12 in Spellcasting
  8345 | D:11     | Reached skill level 1 in Fire Magic
  8516 | D:11     | Killed Lodul
  8757 | D:11     | Found a staircase to the Lair.
  9087 | D:11     | Noticed Psyche
  9090 | D:11     | Noticed a two-headed ogre
  9098 | D:11     | Killed Psyche
  9099 | D:11     | Reached skill level 13 in Spellcasting
  9106 | D:11     | Killed a two-headed ogre
  9197 | D:11     | Found Fagafuf's Pet Rocks.
  9197 | D:11     | Noticed a cyclops
  9214 | D:10     | Entered Level 10 of the Dungeon
  9297 | D:10     | Reached XP level 11. HP: 34/54 MP: 17/30
  9521 | D:9      | Found a flagged portal.
  9562 | Bailey   | Entered a bailey
  9903 | Bailey   | Identified the +2 bardiche of Puhoisos {heavy, rElec
                  | Stlth+}
 10151 | Bailey   | Noticed an orc knight
 10151 | Bailey   | Noticed an orc knight
 10156 | Bailey   | Killed an orc knight
 10158 | Bailey   | Killed an orc knight
 10225 | D:8      | Noticed a two-headed ogre
 10252 | D:8      | Killed a two-headed ogre
 10473 | D:2      | Bought the ring of the Mage {Wiz Archmagi} for 714 gold
                  | pieces
 10473 | D:2      | Found the ring of the Mage {Wiz Archmagi}
 10935 | D:8      | Found a transporter.
 10936 | D:8      | Found a transporter.
 10945 | D:8      | Found a hide-covered altar of Uskayaw.
 11133 | D:8      | Found a transporter.
 11154 | D:8      | Found a transporter.
 11473 | D:7      | Noticed Joseph
 11478 | D:7      | Killed Joseph
 11479 | D:7      | Reached skill level 1 in Fighting
 11707 | D:9      | Reached skill level 14 in Spellcasting
 11795 | D:9      | Found a sparkling altar of Nemelex Xobeh.
 11847 | D:9      | Noticed a two-headed ogre
 11851 | D:9      | Killed a two-headed ogre
 11867 | D:9      | Offered knowledge of Frozen Ramparts by Vehumet.
 11872 | D:9      | Learned a level 3 spell: Frozen Ramparts
 12247 | D:9      | Noticed Harold
 12254 | D:9      | Killed Harold
 12329 | D:10     | Reached **** piety under Vehumet
 12476 | D:10     | Offered knowledge of Inner Flame by Vehumet.
 12557 | D:10     | Found a staircase to the Orcish Mines.
 12590 | D:10     | Reached XP level 12. HP: 58/66 MP: 32/32
 12627 | D:10     | Reached skill level 15 in Spellcasting
 12740 | D:10     | Found a sacrificial altar of Ru.
 12849 | D:11     | Reached skill level 5 in Ice Magic
 12857 | D:11     | Reached skill level 5 in Fire Magic
 13092 | Lair:1   | Entered Level 1 of the Lair of Beasts
 13216 | Lair:1   | Reached ***** piety under Vehumet
 13310 | Lair:1   | Offered knowledge of Conjure Ball Lightning by Vehumet.
 13322 | Lair:1   | Learned a level 6 spell: Conjure Ball Lightning
 14054 | Lair:2   | Reached skill level 5 in Fighting
 14087 | Lair:2   | Reached skill level 1 in Armour
 14087 | Lair:2   | Reached skill level 1 in Earth Magic
 14358 | Lair:2   | Reached skill level 16 in Spellcasting
 14465 | Lair:2   | Reached skill level 10 in Dodging
 14693 | Lair:2   | Reached skill level 5 in Air Magic
 14751 | Lair:2   | Found a transporter.
 14751 | Lair:2   | Found a transporter.
 14752 | Lair:2   | Noticed a boulder beetle
 14752 | Lair:2   | Noticed a boulder beetle
 14762 | Lair:2   | Killed a boulder beetle
 14764 | Lair:2   | Killed a boulder beetle
 14828 | Lair:2   | Found a staircase to the Shoals.
 14902 | Lair:3   | Reached XP level 13. HP: 72/72 MP: 31/35
 14988 | Lair:3   | Found a hole to the Spider Nest.
 15270 | Lair:3   | Reached skill level 5 in Translocations
 15468 | Lair:3   | Reached skill level 5 in Poison Magic
 15593 | Lair:3   | Identified the +3 leather armour of Okawaru's Inspiration
                  | {Str+4}
 15790 | Lair:3   | Reached skill level 1 in Long Blades
 15795 | Lair:3   | Reached skill level 17 in Spellcasting
 16207 | D:2      | Bought the ring of Greed {rElec rPois rN+ AC+4 Str-2} for
                  | 758 gold pieces
 16703 | Lair:4   | Reached skill level 5 in Conjurations
 16954 | Lair:4   | Learned a level 4 spell: Sticky Flame
 17201 | Lair:4   | Noticed Rupert
 17209 | Lair:4   | Killed Rupert
 17379 | Lair:5   | Entered Level 5 of the Lair of Beasts
 17682 | Lair:5   | Reached XP level 14. HP: 64/80 MP: 31/37
 17694 | Lair:5   | Found a viscous altar of Jiyva.
 17695 | Lair:5   | Found a staircase to the Slime Pits.
 18117 | Lair:5   | Found a runed translucent door.
 18190 | Lair:5   | Reached ****** piety under Vehumet
 18190 | Lair:5   | Offered knowledge of Arcjolt by Vehumet.
 18191 | Lair:5   | Reached skill level 18 in Spellcasting
 18371 | Lair:5   | Got Utragud's Papyrus of the Inquisitive Olives
 18381 | Lair:5   | Learned a level 5 spell: Arcjolt
 19049 | Orc:1    | Entered Level 1 of the Orcish Mines
 19086 | Orc:1    | You fall into a shaft and drop 1 floor!
 19086 | Orc:2    | Entered Level 2 of the Orcish Mines
 19113 | Orc:2    | Noticed an orc warlord
 19122 | Orc:2    | Killed an orc warlord
 19643 | Orc:2    | Found a staircase to the Elven Halls.
 19709 | Orc:2    | Found Bamnuus's General Store.
 19712 | Orc:2    | Reached skill level 5 in Transmutations
 19734 | Orc:2    | Found Roezostra's General Store.
 19839 | Orc:2    | Offered knowledge of Ozocubu's Refrigeration by Vehumet.
 19897 | Orc:2    | Learned a level 7 spell: Ozocubu's Refrigeration
 19965 | Orc:2    | Noticed Azrael
 19968 | Orc:2    | Killed Azrael
 20024 | Orc:2    | Reached skill level 19 in Spellcasting
 20043 | Orc:2    | Reached skill level 5 in Earth Magic
 20129 | Orc:2    | Found Jyohez's Book Shop.
 20129 | Orc:2    | Found Huzal's Antique Armour Boutique.
 20131 | Orc:2    | Found a one-way gate leading to the halls of Pandemonium.
 20139 | Orc:2    | Bought a runed helmet for 270 gold pieces
 20222 | Orc:2    | Bought a scroll of identify for 34 gold pieces
 20253 | Orc:2    | Bought a Young Poisoner's Handbook for 300 gold pieces
 20258 | Orc:2    | Learned a level 4 spell: Olgreb's Toxic Radiance
 20323 | Orc:1    | Noticed an orc warlord
 20341 | Orc:2    | Killed an orc warlord
 20700 | Spider:1 | Entered Level 1 of the Spider Nest
 20827 | Spider:1 | Reached XP level 15. HP: 86/86 MP: 38/40
 21019 | Spider:1 | Identified the +1 pair of boots of Piysunuo {Str+3}
 21272 | Spider:1 | Paralysed by a jorogumo for 1 turns
 21420 | Spider:1 | Acquired 887 gold pieces
 21421 | Spider:1 | Acquired 908 gold pieces
 21422 | Spider:1 | Acquired the +6 Majin-Bo {spellvamp, MP+6 Int+6}
 21422 | Spider:1 | Found the +6 Majin-Bo {spellvamp, MP+6 Int+6}
 21655 | D:2      | Bought a ring of see invisible for 210 gold pieces
 22125 | Spider:2 | Reached skill level 20 in Spellcasting
 22543 | Spider:3 | Noticed an emperor scorpion
 22554 | Spider:3 | Killed an emperor scorpion
 22592 | Spider:3 | Noticed an emperor scorpion
 22648 | Spider:3 | Killed an emperor scorpion
 23877 | Spider:4 | Entered Level 4 of the Spider Nest
 23877 | Spider:4 | Noticed Mara
 23887 | Spider:4 | Killed Mara
 23971 | Spider:4 | Noticed an emperor scorpion
 23980 | Spider:4 | Killed an emperor scorpion
 24514 | Spider:4 | Offered knowledge of Iron Shot by Vehumet.
 24584 | Spider:4 | Noticed an emperor scorpion
 24597 | Spider:4 | Noticed an emperor scorpion
 24607 | Spider:4 | Killed an emperor scorpion
 24726 | Spider:4 | Noticed an emperor scorpion
 24736 | Spider:4 | Killed an emperor scorpion
 24766 | Spider:4 | Killed an emperor scorpion
 24767 | Spider:4 | Reached XP level 16. HP: 81/95 MP: 28/42
 24890 | Spider:4 | Killed by an exploding ball lightning

Illustrated notes

Levels and vault maps discovered:
D:1:      sevenhm_arrival_forest_fort_small_3, layout_rooms,
          chequers_serial_rivers_room_b, minmay_misc_feat_five
D:2:      layout_loops_ring, dreamdust_ecumenical_altar_angels_and_demons,
          serial_shops, shop
D:3:      layout_basic, grunt_temple_overflow_open, minmay_misc_feat_iff
D:4:      layout_basic, nicolae_overflow_quartered_altars, serial_shops,
          nicolae_diamond_shop
D:5:      layout_loops_ring, lemuel_doored_altar, minmay_misc_feat_rows,
          dreamdust_wishing_well
D:6:      layout_loops_cross, fedhas_altar_fruit_tree,
          minmay_temple_entry_glass, uniq_pikel, uniq_blork_the_orc
D:7:      layout_basic, uniq_menkaure, uniq_joseph, uniq_crazy_yiuf_cottage
D:8:      layout_basic, nicolae_uskayaw_dance_hall, serial_demonic,
          serial_demonic_d, serial_demonic_a, serial_demonic_c,
          serial_demonic_c, nicolae_diode_quadrants
D:9:      layout_irregular_city, kennysheep_little_box, enter_bailey_4,
          minmay_between, uniq_harold
D:10:     layout_basic, nicolae_ru_awakened_eye
D:11:     layout_rooms, hellmonk_lair_entry_icy, serial_ice, serial_ice_j,
          serial_ice_m, serial_ice_o, serial_ice_c, serial_ice_g, serial_ice_f,
          guppyfry_shop_earth, uniq_psyche, uniq_lodul
D:12:     layout_roguey, nicolae_trove_entry_crossroad
Lair:1:   layout_small_grid
Lair:2:   gammafunk_boulding_lane, layout_small_grid, elwin_shoals_entry_rooms
Lair:3:   kb_forest_paths, layout_chaotic_city, spider_nest_entry_rubble
Lair:4:   layout_hall_layers, grunt_megastairs_3, lemuel_fruit_fields,
          uniq_rupert
Lair:5:   guppyfry_lair_end_dragon, layout_misc_corridors, wormcave,
          dpeg_slime_entry_enclosed
Spider:1: layout_spider_delve, nicolae_spider_some_kinda_spiderbox
Spider:2: layout_spider_delve, nicolae_spider_twisty_arc_passages
Spider:3: layout_chambers, nicolae_orb_stairs
Spider:4: grunt_spider_rune_circles, guppyfry_hornet_nest, uniq_mara
Orc:1:    layout_caves
Orc:2:    pf_orc_diabolical, layout_diamond_mine, uniq_azrael

Skill      XL: |  1  2  3  4  5  6  7  8  9 10 11 12 13 14 15 |
---------------+----------------------------------------------+-----
Spellcasting   | 5 6 7 8 10 11 13 14 16 17 19 20 | 20.8
Dodging        | 1 2 3 5 7 8 9 10 11 12 | 12.3
Necromancy     | 2 3 5 6 7 8 9 |  9.3
Translocations | 3 4 5 |  5.4
Conjurations   | 1 2 3 4 6 7 |  7.3
Short Blades   | 1 2 3 |  3.7
Stealth        | 2 3 |  3.9
Throwing       | 1 |  1.7
Shields        | 2 3 |  3.2
Transmutations | 1 3 4 5 |  5.5
Air Magic      | 1 3 5 6 7 8 |  8.2
Ice Magic      | 1 3 4 5 7 |  7.1
Poison Magic   | 1 3 4 5 6 7 |  7.1
Fire Magic     | 3 4 5 6 |  6.4
Fighting       | 3 5 6 7 8 |  8.9
Armour         | 1 2 4 |  4.1
Earth Magic    | 2 4 5 6 |  6.7
Long Blades    | 1 2 |  2.4
Invocations    | |  1.0
Evocations     | |  0.2

Action                     |  1- 3 |  4- 6 |  7- 9 | 10-12 | 13-15 | 16-18 || total
---------------------------+-------+-------+-------+-------+-------+-------++-------
  Melee: Short sword       |    64 |    58 |       |       |       |       ||   122
         Dagger            |       |    29 |    90 |    87 |       |       ||   206
         Rapier            |       |     6 |   134 |    68 |    17 |       ||   225
         Scimitar          |       |       |     1 |    28 |   146 |       ||   175
  Throw: Dart              |       |    15 |    20 |     3 |       |       ||    38
         Boomerang         |       |       |       |     5 |    17 |       ||    22
   Cast: Apportation       |    23 |    29 |    29 |    44 |    60 |     3 ||   188
         Magic Dart        |    35 |    54 |    40 |    16 |     1 |       ||   146
         Vampiric Draining |     3 |    16 |    84 |    47 |    49 |       ||   199
         Blink             |       |     3 |     4 |     6 |     8 |       ||    21
         Poisonous Vapours |       |       |    11 |   136 |   236 |     2 ||   385
         Ignite Poison     |       |       |     5 |    78 |   159 |     4 ||   246
         Mephitic Cloud    |       |       |       |    26 |    28 |     1 ||    55
         Wereblood         |       |       |       |    21 |    35 |       ||    56
         Fireball          |       |       |       |    19 |     1 |       ||    20
         Frozen Ramparts   |       |       |       |     4 |    15 |       ||    19
         Freezing Cloud    |       |       |       |     9 |    54 |       ||    63
         Sticky Flame      |       |       |       |       |    24 |     1 ||    25
         Olgreb's Toxic Ra |       |       |       |       |    14 |     1 ||    15
         Conjure Ball Ligh |       |       |       |       |     9 |     1 ||    10
         Ozocubu's Refrige |       |       |       |       |     1 |       ||     1
  Evoke: Wand              |     1 |     3 |     3 |       |       |       ||     7
    Use: Scroll            |       |       |    11 |    10 |    16 |       ||    37
         Potion            |       |       |     7 |       |     3 |     1 ||    11
   Stab: Sleeping          |     4 |     1 |     4 |     1 |     1 |       ||    11
         Confused          |       |       |       |     1 |     5 |       ||     6
         Distracted        |       |       |       |       |     1 |       ||     1
 Armour: Robe              |    15 |    18 |    85 |    46 |     8 |       ||   172
         Skin              |       |       |    10 |       |       |       ||    10
         Troll leather arm |       |       |       |       |   148 |     3 ||   151
  Dodge: Dodged            |    37 |    56 |   212 |   202 |   235 |     8 ||   750
  Block: Buckler           |    16 |    11 |    77 |    51 |    79 |       ||   234
